 Dungeon Crawl Stone Soup version 0.29.1-15-g9cfb28693d (webtiles) character file.

Game seed: 17060187818749240676

15 Ast3rio the Shield-Bearer (level 2, -1/8 (24) HPs)
             Began as a Formicid Fighter on Mar 23, 2023.
             Frozen to death by an endoplasm (4 damage)
             ... on level 2 of the Dungeon.
             The game lasted 00:01:02 (806 turns).

Ast3rio the Shield-Bearer (Formicid Fighter)         Turns: 806, Time: 00:01:02

HP:   -1/8 (24)     AC:  6    Str: 20    XL:     2   Next: 65%
MP:   2/2           EV:  9    Int:  7    God:
Gold: 52            SH:  5    Dex: 13    Spells: 1/1 levels left

rFire   . . .      SeeInvis +   a - +0 war axe
rCold   . . .      Faith    .   c - +0 buckler
rNeg    . . .      Spirit   .   b - +0 scale mail
rPois   .          Reflect  .   (helmet unavailable)
rElec   .          Harm     .   (no cloak)
rCorr   .          Rampage  .   (no gloves)
Will    .....                   (no boots)
Stlth   ..........              (no amulet)
HPRegen 0.02/turn               (no ring)
MPRegen 0.08/turn               (no ring)

@: extremely drained
A: permanent stasis, dig shafts and tunnels, antennae 3, four strong arms
a: Dig, Shaft Self


You were on level 2 of the Dungeon.
You visited 1 branch of the dungeon, and saw 2 of its levels.

You collected 52 gold pieces.

Inventory:

Hand Weapons
 a - a +0 war axe (weapon)
Armour
 b - a +0 scale mail (worn)
 c - a +0 buckler (worn)
Jewellery
 m - a ring of wizardry
Scrolls
 e - a scroll of vulnerability {unknown}
 g - a scroll of poison {unknown}
 h - a scroll of enchant weapon {unknown}
 i - a scroll of magic mapping {unknown}
 j - 2 scrolls of noise {unknown}
 o - a scroll of identify {unknown}
Potions
 d - a potion of might
 f - a potion of attraction {unknown}
 k - a potion of lignification {unknown}
 l - a potion of curing {unknown}
 n - a potion of degeneration {unknown}


   Skills:
 + Level 3.4 Fighting
 + Level 2.4 Axes
 + Level 3.4 Armour
 + Level 4.2 Shields


You had one spell level left.
You didn't know any spells.
Your spell library was empty.

Dungeon Overview and Level Annotations

Branches:
Dungeon (2/15)

Altars:

Shops:
D:1 =


Innate Abilities, Weirdness & Mutations

You cannot be hasted, slowed, berserked, paralysed or teleported.
You can dig through walls and to a lower floor.
You have a pair of large antennae on your head. (SInv)
Your four strong arms can wield two-handed weapons with a shield.


Message History

You climb downwards.
Found a scroll labelled DATEOM TUXANY.
There is a stone staircase leading up here.
The rat completely misses you.
You hit the rat.
You kill the rat!
No target in view!
o - a scroll labelled DATEOM TUXANY You open the door.
There is an open door here.
You sense a monster nearby.
An endoplasm comes into view.
The endoplasm quivers.
An endoplasm is nearby!
An endoplasm is nearby!
The endoplasm barely misses you.
You hit the endoplasm.
The endoplasm is heavily wounded.
The endoplasm freezes you.
You are frozen.
Ouch! That really hurt!
You are too injured to fight recklessly!
You are too injured to fight recklessly!
You are too injured to fight recklessly!
You are too injured to fight recklessly!
You are too injured to fight recklessly!
You are too injured to fight recklessly!
You are too injured to fight recklessly!
You are too injured to fight recklessly!
An endoplasm is nearby!
An endoplasm is nearby!
You hit the endoplasm.
The endoplasm is almost dead.
The endoplasm closely misses you. The endoplasm barely misses you.
You hit the endoplasm but do no damage.
The endoplasm is almost dead.
The endoplasm freezes you.
You are frozen.
Ouch! That really hurt!
You die...

##+## #. ##...##
#.### ##.<...##
..#.## ##.......##
##....####.........#
....... +.........+
#....# #.........#
#J#.# ##.......##
#.@.# ##.....##
###.# ##...## #.#
##'## #.# #.#
#.#########.#
#........##.##
#..####..#...##
#..####.......#
#.....#..#...##


You could see an endoplasm.

Vanquished Creatures
  A dart slug (D:1)
  An endoplasm (D:1)
  A goblin (D:1)
  2 hobgoblins (D:1)
  A kobold (D:1)
  A quokka (D:1)
  2 bats (D:1)
  A frilled lizard (D:1)
  2 rats
12 creatures vanquished.

Notes
Turn   | Place    | Note
-------+----------+-------------------------------------------
     0 | D:1      | Ast3rio the Formicid Fighter began the quest for the Orb.
     0 | D:1      | Reached XP level 1. HP: 18/18 MP: 1/1
    54 | D:1      | Found Pis Ippi's One-of-a-Kind Rings.
   180 | D:1      | Reached XP level 2. HP: 21/24 MP: 2/2
   216 | D:1      | Found a faded altar of an unknown god.
   806 | D:2      | Frozen to death by an endoplasm

Illustrated notes

Levels and vault maps discovered:
D:1:      minmay_arrival_nine_rooms, layout_rooms, basic_ecumenical_altar,
          nicolae_shop_unique_rings, minmay_domino_2
D:2:      layout_loops_corners

Action                   || total
-------------------------++-------
Melee: War axe           ||    31
 Abil: Dig               ||     1
Armor: Scale mail        ||    17
Dodge: Dodged            ||    18
Block: Buckler           ||     5
